 Dungeon Crawl Stone Soup version 0.18-a0-1683-gf9322e6 (webtiles) character file.

128199 Ratboiler the Spry (level 17, -7/116 HPs)
             Began as a Kobold Wanderer on Apr 2, 2016.
             Was the Champion of Okawaru.
             Shot with a bolt by Vashnia (11 damage)
             ... on level 2 of the Snake Pit on Apr 3, 2016.
             The game lasted 02:21:07 (44808 turns).

Ratboiler the Spry (Kobold Wanderer)               Turns: 44808, Time: 02:21:08

Health: -7/116     AC: 17    Str: 13    XL:     17   Next: 58%
Magic:  24/24      EV: 31    Int: 17    God:    Okawaru [******]
Gold:   2261       SH:  0    Dex: 23    Spells: 0 memorised, 18 levels left

rFire  . . .     SeeInvis +     b - +6 quick blade (flame)
rCold  . . .     Gourm    .     H - +0 ring mail
rNeg   . . .     Faith    .     (shield restricted)
rPois  +         Spirit   .     R - +2 helmet
rElec  .         Dismiss  .     i - +0 cloak {+Inv}
rCorr  .         Reflect  .     I - +0 pair of gloves "Hoskoser" {MR++ Str+3}
SustAt .         Harm     .     Y - +1 pair of boots "Sopeib" {Int+5}
MR     +++..                    V - amulet of rage
Stlth  +.........               F - ring of poison resistance
                                o - ring of see invisible

@: lethally poisoned (-7 -> -8), exhausted, very slightly contaminated, slowed,
very slow, extremely resistant to hostile enchantments, very unstealthy
A: iridescent scales 1, carnivore 3, strong 1
a: Heroism, Finesse, Renounce Religion, Evoke Berserk Rage, Evoke Invisibility


You were on level 2 of the Snake Pit.
You worshipped Okawaru.
Okawaru was exalted by your worship.
You were very hungry.

You visited 5 branches of the dungeon, and saw 30 of its levels.
You also visited: Sewer and Ice Cave.

You collected 3109 gold pieces.
You spent 848 gold pieces at shops.

Inventory:

Hand Weapons
 a - a +2 shortbow of freezing
 b - a +6 quick blade of flaming (weapon)
Missiles
 l - 54 arrows of dispersal
 A - 468 arrows
 T - 33 poisoned arrows
 Z - 43 arrows of frost
Armour
 i - a +0 cloak of invisibility (worn)
 H - a +0 ring mail (worn)
 I - the +0 pair of gloves "Hoskoser" (worn) {MR++ Str+3}
   (You bought it in a shop on level 2 of the Orcish Mines)

   It affects your strength (+3).
   It affects your resistance to hostile enchantments.
 R - a +2 helmet (worn)
 Y - the +1 pair of boots "Sopeib" (worn) {Int+5}
   (Okawaru gifted it to you on level 11 of the Dungeon)

   It affects your intelligence (+5).
Rods
 h - a +1 rod of inaccuracy (14/14)
   (You found it on level 2 of the Snake Pit)
Jewellery
 g - an uncursed ring of resist corrosion
 o - a ring of see invisible (left hand)
 p - an uncursed ring of wizardry {unknown}
 r - an uncursed ring of protection from fire
 w - an uncursed amulet of regeneration
 F - a ring of poison resistance (right hand)
 V - an amulet of rage (around neck)
Wands
 j - a wand of enslavement (17/24)
 D - a wand of disintegration (12/24)
 E - a wand of heal wounds (0/9)
 G - a wand of slowing (35/48)
 J - a wand of digging (1/24)
 O - a wand of teleportation (1/9)
 Q - a wand of digging (11/24)
 S - a wand of teleportation (6/9)
 W - a wand of confusion (19/48)
Scrolls
 e - 8 scrolls of remove curse
 m - 5 scrolls of fear
 v - 2 scrolls of teleportation
 y - 7 scrolls of recharging
 K - a scroll of summoning
 L - 2 scrolls of blinking
 M - 3 scrolls of fog
Potions
 c - a potion of berserk rage {unknown}
 d - 10 potions of curing
 n - 2 potions of agility
 q - 3 potions of flight
 s - 2 potions of cancellation
 t - 3 potions of lignification
 B - a potion of might
 C - 3 potions of haste
 P - 2 potions of resistance
Comestibles
 f - 14 meat rations
 k - 6 beef jerkies
 u - 9 slices of pizza


   Skills:
 - Level 16.5 Fighting
 - Level 10.0 Short Blades
 - Level 14.0 Bows
 + Level 4.2 Armour
 - Level 18.4 Dodging
 - Level 1.0 Spellcasting
   Level 1.7 Conjurations
 * Level 9.9 Invocations
 - Level 2.4 Evocations


You had 18 spell levels left.
You didn't know any spells.

Dungeon Overview and Level Annotations

Branches:
Dungeon (15/15)            Temple (1/1) D:7            Lair (8/8) D:11
 Shoals (0/4) Lair:4        Snake (4/4) Lair:5        Slime (0/6) Lair:7
    Orc (2/2) D:11            Elf (0/3) Orc:2        Vaults (0/5) D:13
 Depths: D:15

Altars:
Ashenzari
Cheibriados
Dithmenos
Elyvilon
Fedhas
Gozag
Kikubaaqudgha
Makhleb
Nemelex Xobeh
Okawaru
Pakellas
Qazlal
Ru
Sif Muna
Trog
Vehumet
Xom
Yredelemnul
Zin
The Shining One
Beogh
Jiyva

Shops:
D:6 !   D:9 (*!   D:11 [   D:12 (}[(}   D:15 *   Orc:2 [%(?

Annotations:
D:2 Terence
D:3 Sigmund
D:5 Grinder
D:7 Joseph
D:8 exclusions: ice statue and obsidian statue
D:10 exclusion: downstairs
Lair:6 Nessos
Snake:2 Vashnia
Snake:4 Agnes


Innate Abilities, Weirdness & Mutations

You are small and have problems with some larger weapons.
You are carnivorous and can eat meat at any time.
You are partially covered in iridescent scales (AC +4).
Your muscles are strong. (Str +2)


Message History

The splash of poison hits you!
You are poisoned.
You resist.
* * * LOW HITPOINT WARNING * * *
There is a shaft, spattered with blood here.
You see here 2 bolts.
Read which item? (? for menu, Esc to quit)
Blink to where?
Press: ? - help, Dir - move target cursor You escape the naga's grasp.
You are very lightly contaminated with residual magic.
As you read the scroll of blinking, it crumbles to dust.
A naga and a naga sharpshooter come into view.
A shaft opens up in the floor! 2 bolts fall through the shaft.
You feel sick.
The naga shouts!
Vashnia mumbles some strange words.
Vashnia magically shoots a bolt.
The bolt hits you!!
* * * LOW HITPOINT WARNING * * *
The bolt burns you!
You die...

#..................#
#...............N.#
###...............ยง>#
.##.................#
..)...............N.#####
....#..............S....###
....#................#..[[#######
...................#######)))..[#
............NN..@..# ########
.<......()...N....##
..................#
.###...........N..#### ##
#............N....#### #
##...................## .#
#..........#.........# .#
##........##....##...## .#
#.......###....###...#


You could see Vashnia, 3 naga sharpshooters, a black mamba and 3 nagas.

Vanquished Creatures
  A greater naga (Snake:3)
  The ghost of feelmyfire the Warrior, a journeyman MiFi of Okawaru (Orc:1)
  The ghost of Thanatophobia the Severer, a journeyman DsWn of Okawaru (Orc:1)
  A stone giant (Orc:2)
  Snorg (Lair:5)
  Erolcha (D:11)
  3 vault guards (D:13)
  5 hydras
  8 naga warriors
  4 anacondas (Snake:1)
  A catoblepas (D:14)
  4 centaur warriors
  2 death yaks
  3 orc high priests (Orc:2)
  4 shock serpents
  A naga sharpshooter (Snake:3)
  The ghost of ilikecats the Zephyrmancer, a journeyman VSAE of Sif Muna (Orc:1)
  Nergalle (D:11)
  2 unseen horrors (D:14)
  3 necromancers (D:13)
  A naga ritualist (Snake:3)
  7 hill giants
  3 orc sorcerers (Orc:2)
  2 ugly things
  5 mana vipers
  5 orc knights
  A griffon (Lair:7)
  2 wizards (D:13)
  2 wolf spider zombies (D:14)
  10 salamanders
  3 manticores
  A cyclops (D:14)
  9 elephants
  34 black mambas
  Psyche (D:8)
  9 naga magi
  4 guardian serpents
  A guardian serpent (shapeshifter) (D:14)
  5 centaur zombies
  A gargoyle (D:13)
  A torpor snail (Lair:7)
  9 komodo dragons
  23 spiny frogs
  2 kobold demonologists (D:12)
  2 rime drakes
  3 polar bears
  8 trolls
  3 giant leeches (Lair:8)
  3 two-headed ogres
  2 boulder beetles
  4 slime creatures (D:12)
  38 blink frogs
  A wraith (D:10)
  A spriggan (D:11)
  A wyvern (D:10)
  2 shadows (D:14)
  34 yaks
  2 hungry ghosts
  15 humans (D:13)
  9 hippogriffs
  14 vampire mosquitoes
  4 basilisks
  A mottled dragon (D:14)
  A warg (Orc:1)
  26 nagas
  14 water moccasins
  11 porcupines
  11 ice beasts
  A wasp (D:9)
  4 black bears
  An eye of draining (shapeshifter) (D:14)
  32 orc warriors
  A necrophage (D:11)
  3 phantoms
  7 sky beasts
  15 wolves
  10 ogres
  19 centaurs
  15 crocodiles
  32 giant frogs
  8 big kobolds
  4 scorpions
  4 killer bees (D:14)
  7 wights
  6 electric eels
  7 crimson imps
  6 howler monkeys
  2 quasits
  A giant frog zombie (D:10)
  6 hounds
  5 centaur skeletons
  4 jellies
  34 orc wizards
  2 giant frog skeletons
  19 orc priests
  8 worker ants
  Natasha (thrice) (D:2)
  7 iguanas
  A hound zombie (D:10)
  2 hound skeletons
  A worker ant zombie (D:11)
  Robin (D:2)
  13 gnolls
  12 adders
  15 river rats
  7 shadow imps
  2 oozes
  An adder zombie (D:7)
  An adder skeleton (D:9)
  A worm (D:2)
  4 dart slugs
  6 giant geckos
  105 orcs
  6 ball pythons
  6 giant cockroaches
  17 goblins
  7 hobgoblins
  25 jackals
  9 quokkas
  7 bats
  A giant cockroach zombie (D:3)
  A giant gecko zombie (D:7)
  13 giant newts
  39 kobolds
  A quokka zombie (D:8)
  12 rats
  6 fungi
  2 plants
996 creatures vanquished.

Vanquished Creatures (others)
  A black mamba (Lair:7)
  A troll (D:11)
  A yak (Lair:7)
  An orc warrior (D:13)
  A boggart (D:11)
  A centaur (D:11)
  A giant gecko (D:11)
  A kobold (D:11)
  19 fungi
  25 plants
52 creatures vanquished.

Grand Total: 1048 creatures vanquished

Notes
Turn   | Place    | Note
--------------------------------------------------------------
     0 | D:1      | Ratboiler the Kobold Wanderer began the quest for the Orb.
     0 | D:1      | Ratboiler set off with: a +2 shortbow, 25 arrows, a +0 ring mail, a potion of curing, a meat ration
     0 | D:1      | Reached XP level 1. HP: 12/12 MP: 2/2
   142 | D:1      | Reached XP level 2. HP: 16/16 MP: 3/3
   672 | D:1      | Reached XP level 3. HP: 20/20 MP: 4/4
  1179 | D:2      | Reached XP level 4. HP: 25/25 MP: 5/5
  1898 | D:2      | Noticed Robin
  1909 | D:2      | Reached XP level 5. HP: 29/29 MP: 6/6
  2086 | D:2      | Killed Robin
  2433 | D:2      | Noticed Natasha
  2474 | D:2      | Killed Natasha
  2818 | D:3      | Noticed Terence
  3122 | D:2      | Noticed Natasha
  3127 | D:2      | Killed Natasha
  3127 | D:2      | Reached skill level 5 in Bows
  3230 | D:3      | Reached XP level 6. HP: 25/34 MP: 7/7
  3348 | D:3      | Reached skill level 1 in Short Blades
  3555 | D:2      | Noticed Natasha
  3565 | D:2      | Killed Natasha
  4367 | D:3      | Noticed Sigmund
  4733 | D:4      | Found a glowing drain.
  4773 | Sewer    | Entered a sewer
  5762 | D:5      | Entered Level 5 of the Dungeon
  5797 | D:5      | Reached XP level 7. HP: 25/38 MP: 8/8
  6593 | D:5      | Reached skill level 5 in Short Blades
  6761 | D:5      | Reached XP level 8. HP: 43/43 MP: 9/9
  6996 | D:5      | Noticed Grinder
  7432 | D:5      | Paralysed by Grinder for 6 turns
  7445 | D:5      | Paralysed by Grinder for 4 turns
  8243 | D:5      | Found a stormy altar of Qazlal.
  8680 | D:6      | Found Leudgh's Distillery.
  8699 | D:6      | Bought 2 potions of heal wounds for 140 gold pieces
  8699 | D:6      | Bought a potion of agility for 56 gold pieces
  8699 | D:6      | Bought a potion of lignification for 42 gold pieces
  9251 | D:7      | Found a burning altar of Makhleb.
  9321 | D:7      | Noticed Joseph
  9773 | D:7      | Reached XP level 9. HP: 46/47 MP: 10/10
 10631 | D:7      | Found a staircase to the Ecumenical Temple.
 10641 | Temple   | Entered the Ecumenical Temple
 10695 | Temple   | Became a worshipper of Warmaster Okawaru
 10703 | Temple   | Upgraded the game from 0.18-a0-1677-g2bdad6c to 0.18-a0-1683-gf9322e6
 10726 | D:7      | Reached skill level 10 in Short Blades
 11739 | D:7      | Gained mutation: You are partially covered in iridescent scales (AC +4). [mutagenic meat]
 12141 | D:7      | Reached XP level 10. HP: 48/52 MP: 11/11
 12497 | D:7      | Reached * piety under Okawaru
 12543 | D:8      | Reached skill level 10 in Bows
 12664 | D:8      | Found a deep blue altar of Sif Muna.
 12907 | D:8      | Noticed an ice statue
 13060 | D:8      | Noticed Psyche
 13078 | D:8      | Killed Psyche
 13501 | D:8      | Noticed an obsidian statue
 13638 | D:9      | Reached ** piety under Okawaru
 13711 | D:9      | Found Celemod's Distillery.
 13718 | D:9      | Bought a potion of might for 48 gold pieces
 13718 | D:9      | Bought a potion of might for 48 gold pieces
 13718 | D:9      | Bought 2 potions of degeneration for 24 gold pieces
 14202 | D:9      | Found Hitamih's General Store.
 14785 | D:10     | Entered Level 10 of the Dungeon
 15165 | D:9      | Found Zahaucs's Weapon Emporium.
 15228 | D:9      | Reached XP level 11. HP: 56/56 MP: 12/12
 15382 | D:9      | Reached *** piety under Okawaru
 15761 | D:10     | Noticed a hill giant
 15948 | D:10     | Noticed a hill giant
 15963 | D:10     | Killed a hill giant
 16666 | D:10     | Reached **** piety under Okawaru
 16862 | D:10     | Noticed a hill giant
 16871 | D:10     | Killed a hill giant
 17330 | D:10     | Received a gift from Okawaru
 17858 | D:11     | Noticed a hill giant
 17876 | D:10     | Killed a hill giant
 17876 | D:10     | Reached skill level 1 in Dodging
 17880 | D:11     | Noticed a hill giant
 17986 | D:11     | Reached skill level 2 in Dodging
 18002 | D:11     | Reached ***** piety under Okawaru
 18107 | D:11     | Noticed Erolcha
 18134 | D:11     | Killed Erolcha
 18134 | D:11     | Received a gift from Okawaru
 18134 | D:11     | Reached skill level 3 in Dodging
 18134 | D:11     | Reached XP level 12. HP: 66/66 MP: 13/13
 18139 | D:11     | Got a pair of smoking boots {god gift}
 18181 | D:11     | Identified the +1 pair of boots "Sopeib" {Int+5} (Okawaru gifted it to you on level 11 of the Dungeon)
 18222 | D:11     | Reached skill level 4 in Dodging
 18277 | D:11     | Found a staircase to the Lair.
 18339 | D:11     | Found a staircase to the Orcish Mines.
 18499 | D:11     | Reached skill level 5 in Dodging
 18505 | D:11     | Reached skill level 5 in Fighting
 18661 | D:11     | Found Eraety's Armour Boutique.
 18692 | D:11     | Noticed Nergalle
 18810 | Lair:1   | Entered Level 1 of the Lair of Beasts
 18825 | Lair:1   | Reached skill level 6 in Dodging
 19146 | Lair:1   | Reached skill level 7 in Dodging
 20669 | Lair:2   | Reached skill level 8 in Dodging
 20766 | Lair:2   | Noticed a five-headed hydra
 21221 | Lair:3   | Reached skill level 9 in Dodging
 21225 | Lair:3   | Reached XP level 13. HP: 68/79 MP: 14/14
 22815 | Lair:5   | Reached skill level 10 in Dodging
 23083 | Lair:5   | Found a staircase to the Snake Pit.
 23169 | Lair:5   | Received a gift from Okawaru
 23222 | Lair:5   | Reached skill level 10 in Fighting
 23393 | Lair:5   | Noticed Snorg
 23655 | Lair:5   | Reached skill level 11 in Dodging
 24063 | Lair:7   | Received a gift from Okawaru
 24082 | Lair:7   | Found a frozen archway.
 24211 | Lair:6   | Noticed Nessos
 24343 | Lair:7   | Received a gift from Okawaru
 24374 | Lair:7   | Reached skill level 12 in Dodging
 24404 | Lair:7   | Reached ****** piety under Okawaru
 24449 | IceCv    | Entered an ice cave
 24486 | IceCv    | Received a gift from Okawaru
 25241 | Lair:7   | Reached XP level 14. HP: 78/90 MP: 15/15
 25583 | Lair:7   | Found a staircase to the Slime Pits.
 25583 | Lair:7   | Found a viscous altar of Jiyva.
 25839 | Lair:6   | Received a gift from Okawaru
 25842 | Lair:6   | Got a smoking rapier {god gift}
 25843 | Lair:6   | Identified the +11 rapier "Maseakk" {pierce, rN+ Dex+3} (Okawaru gifted it to you on level 6 of the Lair of Beasts)
 26055 | Lair:7   | Reached skill level 13 in Dodging
 26254 | Lair:8   | Entered Level 8 of the Lair of Beasts
 27363 | Lair:8   | Received a gift from Okawaru
 27520 | Lair:8   | Received a gift from Okawaru
 27692 | Lair:8   | Reached skill level 14 in Dodging
 28316 | Lair:8   | Received a gift from Okawaru
 28319 | Lair:8   | Got a spiked shield {god gift}
 28326 | Lair:8   | Identified the -9 shield of Livagiol {rPois Dex+3} (Okawaru gifted it to you on level 8 of the Lair of Beasts)
 29940 | Lair:4   | Reached XP level 15. HP: 100/100 MP: 16/16
 30210 | Lair:4   | Found a staircase to the Shoals.
 30465 | Lair:4   | Reached skill level 15 in Dodging
 31669 | D:11     | Killed Nergalle
 31959 | D:11     | Found a shimmering altar of Xom.
 32324 | D:12     | Found Huoruvog's Antique Weapon Emporium.
 32719 | D:12     | Received a gift from Okawaru
 33306 | D:12     | Found Tiyf's Weapon Shop.
 33491 | D:12     | Found Gepp's Gadget Shoppe.
 33606 | D:12     | Found Quaw's Gadget Emporium.
 33618 | D:12     | Reached skill level 16 in Dodging
 33655 | D:12     | Found Botukyops's Armour Boutique.
 34577 | D:13     | Reached skill level 15 in Fighting
 34623 | D:13     | Gained mutation: Your muscles are strong. (Str +2) [potion of beneficial mutation]
 34886 | D:13     | Identified a scroll of acquirement
 34888 | D:13     | Got a pair of dazzling gloves
 34899 | D:13     | Identified the +0 pair of gloves "Ofuf" {rN+ Str+4} (You acquired it on level 13 of the Dungeon)
 34903 | D:13     | Found a gate to the Vaults.
 34955 | D:13     | Received a gift from Okawaru
 35518 | D:14     | Reached XP level 16. HP: 108/108 MP: 17/17
 36119 | D:14     | Reached skill level 17 in Dodging
 36421 | D:15     | Entered Level 15 of the Dungeon
 36422 | D:15     | Found Vocvi's General Store.
 36599 | D:15     | Bought a scroll of vulnerability for 97 gold pieces
 36693 | Orc:1    | Entered Level 1 of the Orcish Mines
 36693 | Orc:1    | Found a roughly hewn altar of Beogh.
 36693 | Orc:1    | Noticed Thanatophobia's ghost (journeyman DsWn)
 36743 | Orc:1    | Killed Thanatophobia's ghost
 36824 | Orc:1    | Noticed ilikecats's ghost (journeyman VSAE)
 36834 | Orc:1    | Noticed feelmyfire's ghost (journeyman MiFi)
 36883 | Orc:1    | Killed feelmyfire's ghost
 37038 | Orc:1    | Killed ilikecats's ghost
 37380 | Orc:2    | Entered Level 2 of the Orcish Mines
 37411 | Orc:2    | HP: 4/110 [stone giant (25)]
 37762 | Orc:2    | Found a staircase to the Elven Halls.
 38612 | Orc:1    | Received a gift from Okawaru
 39371 | Orc:2    | Found Sadyteish's Magic Scroll Shop.
 39371 | Orc:2    | Found Dukux's Armour Emporium.
 39403 | Orc:2    | Received a gift from Okawaru
 39419 | Orc:2    | Found Apebbiory's Weapon Shop.
 39419 | Orc:2    | Found Kuf Uwk's Food Emporium.
 39430 | Orc:2    | Bought the +0 pair of gloves "Hoskoser" {MR++ Str+3} for 393 gold pieces
 39728 | Lair:5   | Killed Snorg
 39728 | Lair:5   | Reached skill level 18 in Dodging
 39777 | Snake:1  | Entered Level 1 of the Snake Pit
 39799 | Snake:1  | Reached skill level 1 in Invocations
 40257 | Snake:2  | Identified a +1 rod of inaccuracy (14/14) (You found it on level 2 of the Snake Pit)
 40564 | Snake:1  | Received a gift from Okawaru
 41332 | Snake:2  | Reached skill level 5 in Invocations
 41757 | Snake:4  | Entered Level 4 of the Snake Pit
 41939 | Snake:2  | Reached XP level 17. HP: 70/116 MP: 21/21
 42334 | Snake:2  | Received a gift from Okawaru
 42577 | Snake:2  | Noticed Vashnia
 44517 | Snake:4  | Noticed Agnes
 44808 | Snake:2  | HP: 4/116 [Vashnia/bolt (21)]
 44808 | Snake:2  | Shot with a bolt by Vashnia

Vault maps used:
D:1:      dpeg_arrival_round_c, hex_intersection, st_stairs_10,
          minmay_misc_feat_nine_boxes
D:2:      grunt_ministairs_7, uniq_robin, uniq_natasha
D:3:      uniq_terence, uniq_sigmund
D:4:      wad_pebble_path, gup_sewer_entry_glass, serial_park_tiny_2
D:5:      first_bread, basic_altar, uniq_grinder
D:6:      serial_shops, nicolae_shop_waterfront, water_boxes_lemuel
D:7:      lightli_temple_of_fire, minmay_temple_entry_grid,
          lightli_corner_chamber, uniq_joseph
D:8:      minmay_separated_statues, marbit_many_paths, grunt_tough_drop,
          uniq_psyche
D:9:      serial_shops, shop, shop, shop_statue
D:11:     dpeg_oklobed_lair, orc_david_3, grunt_pizzeria, serial_bayou_pond_a,
          xom_confusion_cloud, uniq_erolcha, uniq_nergalle
D:12:     serial_shops, shop, nicolae_shop_stone, shop, shop, shop
D:13:     grunt_vaults_entry_tiered, st_stairs_6
D:14:     roderic_roman_lattice
D:15:     hangedman_depths_entry_try_elsewhere_first, serial_shops,
          nicolae_shop_temple_entry_statues_fountains, spider_trap,
          nooodl_food_tri
Temple:   grunt_circular_temple_18
Lair:2:   lemuel_another_geyser, serial_bayou_shore_a
Lair:4:   minmay_shoals_entry_centaurs, grunt_megastairs_4,
          infiniplex_staircase_pool_2
Lair:5:   guppyfry_snake_entry_island, uniq_snorg
Lair:6:   st_stairs_6, grunt_megastairs_5, uniq_nessos
Lair:7:   slime_altar_1, portal_ice_cave_entry_animals_and_master
Lair:8:   minmay_lair_end_frog_pond, lemuel_fruit_tree
Snake:1:  serial_bayou_lagoon_a, hangedman_snake_corridor_split
Snake:2:  uniq_vashnia
Snake:3:  grunt_megastairs_1
Snake:4:  grunt_snake_rune_pools, nicolae_snake_lava_pool, uniq_nikola,
          uniq_agnes
Orc:1:    basic_altar, minmay_orc_keep
Orc:2:    grunt_orc_tribal_feast
Sewer:    sewer_co_scattered_pipes
IceCv:    ice_cave_statue_garden_02

Skill      XL: |  1  2  3  4  5  6  7  8  9 10 11 12 13 14 15 16 17 |
---------------+----------------------------------------------------+-----
Bows           | 2 3 4 5 6 7 9 12 14 | 14.0
Short Blades   | 3 5 8 10 | 10.0
Fighting       | 4 8 11 13 15 16 | 16.5
Dodging        | 3 9 12 14 16 18 | 18.4
Invocations    | 5 9 |  9.9
Armour         | 4 |  4.2
Spellcasting   | |  1.0
Conjurations   | |  1.7
Evocations     | |  2.4

Action                   |  1- 3 |  4- 6 |  7- 9 | 10-12 | 13-15 | 16-18 || total
-------------------------+-------+-------+-------+-------+-------+-------++-------
Melee: Dagger            |    46 |   317 |   439 |   904 |    30 |       ||  1736
       Quick blade       |       |       |       |       |  2153 |  1818 ||  3971
 Fire: Shortbow          |    57 |    89 |    92 |   187 |   705 |    79 ||  1209
 Abil: Evoke Berserk Rag |       |       |       |    19 |    11 |    21 ||    51
Evoke: Wand              |       |     4 |       |    46 |    12 |     8 ||    70
  Use: Scroll            |       |     5 |     3 |    13 |    18 |     6 ||    45
       Potion            |       |       |     6 |     3 |     4 |    11 ||    24
 Stab: Confused          |       |       |       |    21 |       |       ||    21
       Distracted        |       |       |       |       |     1 |       ||     1
  Eat: Chunk             |     6 |    18 |    21 |    52 |    52 |    34 ||   183
       Beef jerky        |       |       |       |       |       |     1 ||     1
